 Dungeon Crawl Stone Soup version 0.30-a0-867-g305f33218d (webtiles) character file.

Game seed: 7323680520324453590

127 bmack86 the Shield-Bearer (level 4, -1/41 HPs)
             Began as a Minotaur Fighter on Mar 10, 2023.
             Slain by a bullfrog (3 damage)
             ... on level 5 of the Dungeon.
             The game lasted 00:04:48 (1887 turns).

bmack86 the Shield-Bearer (Minotaur Fighter)        Turns: 1887, Time: 00:04:49

Health: -1/41      AC:  8    Str: 23    XL:     4   Next: 85%
Magic:  3/3        EV:  9    Int:  5    God:
Gold:   187        SH:  4    Dex:  9    Spells: 3/3 levels left

rFire   . . .      SeeInvis .    a - +0 war axe
rCold   . . .      Faith    .    c - +0 buckler
rNeg    . . .      Spirit   .    b - +0 scale mail
rPois   .          Reflect  .    (helmet restricted)
rElec   .          Rampage  .    f - +0 cloak
rCorr   .                        (no gloves)
Will    .....                    (no boots) Stlth
                                 i - amulet of the acrobat
HPRegen 0.26/turn                (no ring)
MPRegen 0.08/turn                (no ring)

@: mighty, lethally poisoned (-1 -> -11), marked
A: horns 2, retaliatory headbutt
a: no special abilities


You were on level 5 of the Dungeon.
You visited 1 branch of the dungeon, and saw 5 of its levels.

You collected 187 gold pieces.

Inventory:

Hand Weapons
 a - a +0 war axe (weapon)
Missiles
 g - 6 poisoned darts (quivered)
Armour
 b - a +0 scale mail (worn)
 c - a +0 buckler (worn)
 f - a +0 cloak (worn)
Jewellery
 h - an amulet of guardian spirit
 i - an amulet of the acrobat (around neck)
Scrolls
 e - 2 scrolls of magic mapping
 p - a scroll of noise {unknown}
 q - a scroll of poison {unknown}
 r - a scroll of identify
Potions
 j - a potion of berserk rage
 k - a potion of flight {unknown}
 l - a potion of magic {unknown}
 m - a potion of haste {unknown}
 n - a potion of curing {unknown}
 o - 2 potions of heal wounds


   Skills:
 + Level 4.3 Fighting
 * Level 4.0 Axes
 + Level 1.3 Throwing
 + Level 4.2 Armour
 + Level 4.4 Shields


You had 3 spell levels left.
You didn't know any spells.
Your spell library was empty.

Dungeon Overview and Level Annotations

Branches:
Dungeon (6/15)
 Temple: D:4-7

Altars:
Nemelex Xobeh


Innate Abilities, Weirdness & Mutations

You have a pair of horns on your head.
You reflexively headbutt those who attack you in melee.


Message History

An orc comes into view. It is wielding a +0 flail.
An orc priest comes into view. It is wielding a +0 dagger.
You block the orc's attack. You block the bullfrog's attack.
The hound completely misses you. The bullfrog attacks as you move away!
The bullfrog barely misses you.
The bullfrog releases a deep croak.
The hound bites you.
An orc comes into view. It is wielding a +0 whip.
The bullfrog completely misses you. The hound bites you.
* * * LOW HITPOINT WARNING * * *
An orc priest comes into view. It is wielding a +0 club.
An orc comes into view. It is wielding a +0 hand axe.
The orc wizard gestures wildly while chanting.
The orc wizard flickers and vanishes!
Deactivating autopickup; reactivate with Ctrl-A.
A white imp comes into view.
The bullfrog closely misses you. The hound bites you but does no damage.
The scorpion completely misses you.
An orc comes into view. It is wielding a +0 dagger.
The bullfrog completely misses you.
There is an escape hatch in the ceiling here.
The hound bites you but does no damage. The scorpion barely misses you.
The bullfrog hits you but does no damage.
The hound barely misses you. A mysterious force pulls you upwards.
The hatch slams shut behind you.
Reactivating autopickup.
Found 16 gold pieces and a flail.
You feel very mighty all of a sudden. The bullfrog closely misses you.
The scorpion stings you but does no damage.
The hound bites you but does no damage. The orc hits you with a +0 flail.
* * * LOW HITPOINT WARNING * * *
The scorpion stings you.
* * * LOW HITPOINT WARNING * * *
You are lethally poisoned!
The scorpion poisons you!
The bullfrog swells and bulges.
The bullfrog hits you.
You die...

. ....
. ...
.#+#..
#....#
#....#
#.$..#
#Fo..#
#@s..#
#oh..#
#..).#
######


You could see a bullfrog, a scorpion, a hound and 2 orcs.

Vanquished Creatures
  An orc priest (D:6)
  3 adders
  A dart slug (D:3)
  4 orcs (D:6)
  4 endoplasms
  4 giant cockroaches
  9 goblins
  5 hobgoblins
  4 jackals (D:1)
  4 kobolds
  5 quokkas
  2 ball pythons (D:1)
  6 bats
  A frilled lizard (D:3)
  4 rats
57 creatures vanquished.

Vanquished Creatures (others)
  2 plants
2 creatures vanquished.

Grand Total: 59 creatures vanquished

Notes
Turn   | Place    | Note
-------+----------+-------------------------------------------
     0 | D:1      | bmack86 the Minotaur Fighter began the quest for the Orb.
     0 | D:1      | Reached XP level 1. HP: 19/19 MP: 0/0
   132 | D:1      | Reached XP level 2. HP: 26/27 MP: 1/1
   409 | D:1      | Reached XP level 3. HP: 33/33 MP: 2/2
  1039 | D:2      | Reached skill level 1 in Throwing
  1143 | D:2      | Reached XP level 4. HP: 40/40 MP: 3/3
  1293 | D:2      | Found a faded altar of an unknown god.
  1854 | D:3      | Found a sparkling altar of Nemelex Xobeh.
  1859 | D:3      | You fall into a shaft and drop 3 floors!
  1876 | D:6      | Noticed a bullfrog
  1879 | D:6      | Noticed a scorpion
  1880 | D:6      | Noticed an ogre
  1886 | D:5      | Entered Level 5 of the Dungeon
  1887 | D:5      | HP: 2/41 [scorpion (6)]
  1887 | D:5      | Slain by a bullfrog

Illustrated notes

Levels and vault maps discovered:
D:1:      dpeg_arrival_more_subterranean_lakeside_camping, layout_basic,
          serial_bayou_lagoon_b
D:2:      layout_rooms, chequers_ecumenical_altar_simple_redux, minmay_puff
D:3:      layout_loops_ring, nemelex_diamond_rough_becter, chequers_big_river,
          grunt_ministairs_11, eino_tiny_chamber
D:5:      layout_gridville, nzn_wu_jian_council_hall, minmay_misc_feat_room,
          minmay_manual_mares
D:6:      layout_rooms, dk_noncrumbling_4, nrook_campfire

Skill      XL: |  1  2  3  4 |
---------------+-------------+-----
Axes           | 3 4 |  4.0
Fighting       | 4 |  4.3
Shields        | 4 |  4.4
Armour         | 4 |  4.2
Throwing       | 1 |  1.3

Action                     |  1- 3 |  4- 6 || total
---------------------------+-------+-------++-------
  Melee: War axe           |    71 |    21 ||    92
         Headbutt          |     9 |     6 ||    15
    Use: Scroll            |       |     4 ||     4
         Potion            |       |     1 ||     1
 Armour: Scale mail        |    38 |    13 ||    51
  Dodge: Dodged            |    50 |    29 ||    79
  Block: Buckler           |    17 |     5 ||    22

Table legend: (Time is in decaauts)
 A = Elapsed time spent in this place.
 B = Non-inter-level travel time spent in this place.
 C = Inter-level travel time spent in this place.
 D = Time resting spent in this place.
 E = Time spent auto-exploring this place.
 F = Levels seen in this place.
 G = Mean time per level.
                   A        B        C        D        E       F      G
               +--------+--------+--------+--------+--------+-----+--------+
         Total |   1944 |   1892 |     52 |      0 |   1231 |   5 |  388.8 |
       Dungeon |   1944 |   1892 |     52 |      0 |   1231 |   5 |  388.8 |
               +--------+--------+--------+--------+--------+-----+--------+

Top non-repeatable levels by time:
     D:1: 913 daAuts
     D:2: 599 daAuts
     D:3: 402 daAuts
     D:6: 28 daAuts
     D:5: 0 daAuts
